 Dungeon Crawl Stone Soup version 0.20-a0-1034-gb277f92 (webtiles) character file.

141 Duffy the Covered (level 5, 44/44 HPs)
             Began as a Gnoll Fighter on Apr 22, 2017.
             Was a Follower of Vehumet.
             Quit the game on level 3 of the Dungeon.
             The game lasted 00:02:06 (1773 turns).

Duffy the Covered (Gnoll Fighter)                   Turns: 1773, Time: 00:02:07

Health: 44/44      AC: 11    Str: 16    XL:     5   Next: 24%
Magic:  5/5        EV:  5    Int:  9    God:    Vehumet [*.....]
Gold:   92         SH: 10    Dex: 13    Spells: 4/4 levels left

rFire    . . .     SeeInvis .   a - +0 war axe
rCold    . . .     Gourm    .   c - +0 shield
rNeg     . . .     Faith    .   e - +0 chain mail
rPois    .         Spirit   .   (no helmet)
rElec    .         Reflect  .   (no cloak)
rCorr    .         Harm     .   (no gloves)
MR       .....                  n - +0 pair of boots
Stlth    ..........             (no amulet)
Regen    0.2/turn               (no ring)
MPRegen  0.1/turn               (no ring)

@: no status effects
A: short attention span, fangs 1, strong nose
a: Renounce Religion


You were on level 3 of the Dungeon.
You worshipped Vehumet.
Vehumet was aware of your devotion.
You were not hungry.

You visited 1 branch of the dungeon, and saw 3 of its levels.

You collected 92 gold pieces.

Inventory:

Hand Weapons
 a - a +0 war axe (weapon)
Armour
 c - a +0 shield (worn)
 e - a +0 chain mail (worn)
 n - a +0 pair of boots (worn)
Jewellery
 h - an uncursed ring of fire
Scrolls
 j - a scroll of immolation {unknown}
 k - 2 scrolls of identify {unknown}
 l - a scroll of enchant weapon {unknown}
 o - a scroll of enchant armour {unknown}
 q - 5 scrolls of teleportation {unknown}
 s - a scroll of amnesia {unknown}
 u - a scroll of random uselessness {unknown}
Potions
 b - a potion of resistance {unknown}
 d - 2 potions of might
 i - a potion of agility {unknown}
 m - a potion of haste
 p - a potion of curing {unknown}
 r - 2 potions of lignification {unknown}
Comestibles
 f - 3 bread rations
 g - 7 chunks of flesh
 t - 2 royal jellies


   Skills:
 + Level 5.5 Fighting
 + Level 4.4 Axes
 + Level 6.0 Armour
 + Level 5.4 Shields


You had 4 spell levels left.
You didn't know any spells.

Dungeon Overview and Level Annotations

Branches:
Dungeon (3/15)

Altars:
Dithmenos
Vehumet


Innate Abilities, Weirdness & Mutations

You have a short attention span.
You have very sharp teeth.
Your uncanny sense of smell can sniff out nearby items.


Message History

No target in view!
No target in view!
No target in view!
No target in view!
No target in view!
No target in view!
No target in view!
No target in view!
No target in view!
No target in view!
No target in view!
A leopard gecko comes into view.
The leopard gecko hisses angrily.
There is a faded altar of an unknown god here.
You cannot tell which god this altar belongs to.
Convert to them anyway?
Vehumet accepts your prayer! Vehumet welcomes you!
You can now gain magical power from killing.
Vehumet offers you knowledge of Shock.
Are you sure you want to abandon this character and quit the game? (Confirm with "yes".)

#......(..........# #....
#.................####...
........................
......###.###...........
......###..##...........
...........##...........
.......#...############.
....l.#.#..# #.
#..#.@.#.# #. #...#.#..#
##### #....#...# #....
#.... ...# #.... #....
#### #.... ##### #....
#.... #.... #....


You could see a leopard gecko.

Vanquished Creatures
  An orc priest (D:3)
  3 adders
  A worm (D:2)
  3 dart slugs
  8 orcs (D:3)
  9 bats
  5 giant cockroaches
  6 hobgoblins
  9 jackals
  A quokka (D:3)
  6 frilled lizards
  4 goblins
  6 kobolds
  3 rats
65 creatures vanquished.

Notes
Turn   | Place    | Note
-------+----------+-------------------------------------------
     0 | D:1      | Duffy the Gnoll Fighter began the quest for the Orb.
     0 | D:1      | Reached XP level 1. HP: 20/20 MP: 1/1
   196 | D:1      | Reached XP level 2. HP: 26/26 MP: 2/2
   304 | D:1      | Reached skill level 5 in Armour
   454 | D:1      | Reached XP level 3. HP: 32/32 MP: 3/3
   900 | D:2      | Found a shadowy altar of Dithmenos.
  1061 | D:2      | Reached skill level 5 in Fighting
  1068 | D:2      | Reached XP level 4. HP: 38/39 MP: 4/4
  1350 | D:3      | Reached skill level 5 in Shields
  1405 | D:3      | Reached XP level 5. HP: 15/44 MP: 5/5
  1693 | D:3      | Reached skill level 6 in Armour
  1762 | D:3      | Found a faded altar of an unknown god.
  1772 | D:3      | Became a worshipper of Vehumet
  1772 | D:3      | Reached * piety under Vehumet
  1772 | D:3      | Offered knowledge of Shock by Vehumet.
  1773 | D:3      | Quit the game

Vault maps used:
D:1:      dpeg_arrival_short_road, serial_glass, glass_columns_a,
          glass_columns_b, glass_columns_a, glass_columns_b, glass_columns_a,
          glass_columns_b, glass_columns_a, glass_columns_a,
          minmay_splitting_lines
D:2:      marbit_many_paths, first_bread
D:3:      chequers_ecumenical_altar_simple_redux

Skill      XL: |  1  2  3  4  5 |
---------------+----------------+-----
Armour         | 5 6 |  6.0
Fighting       | 5 |  5.5
Axes           | 4 |  4.4
Shields        | 5 |  5.4

Action                   |  1- 3 |  4- 6 || total
-------------------------+-------+-------++-------
Melee: War axe           |   100 |    63 ||   163
       Bite              |    11 |     8 ||    19
  Eat: Chunk             |     1 |     2 ||     3
Armor: Scale mail        |     4 |       ||     4
       Chain mail        |    67 |    50 ||   117
Dodge: Dodged            |    14 |    19 ||    33
Block: Shield            |    54 |    51 ||   105
